 Dungeon Crawl Stone Soup version 0.31.0-32-g396128a36d (webtiles) character file.

Game seed: 16253107964341425549

1269 Doomgape the Vexing (level 8, -4/61 HPs)
             Began as a Gnoll Hexslinger on Mar 8, 2024.
             Was an Initiate of Gozag.
             Slain by Dowan
             ... wielding a +0 dagger of venom
              (6 damage)
             ... on level 7 of the Dungeon.
             The game lasted 00:13:24 (4299 turns).

Doomgape the Vexing (Gnoll Hexslinger)              Turns: 4299, Time: 00:13:24

Health: -4/61      AC:  4    Str:  6    XL:     8   Next: 53%
Magic:  14/14      EV: 15    Int: 11    God:    Gozag
Gold:   298        SH:  0    Dex: 22    Spells: 13/16 levels left

rFire   . . .        q - +1 sling (drain)
rCold   . . .        (no shield)
rNeg    . . .        f - +1 leather armour
rPois   .            (no helmet)
rElec   .            (no cloak)
rCorr   .            (no gloves)
SInv    .            (no boots)
Will    .....        (no amulet)
Stlth   +++          (no ring)
HPRegen 0.30/turn    (no ring)
MPRegen 0.14/turn

%: no passive effects
@: lethally poisoned (-4 -> -10), attractive
A: fangs 1, strong nose, distributed training, hooves 1, agile 1
a: Renounce Religion, Potion Petition, Call Merchant, Bribe Branch


You were on level 7 of the Dungeon.
You worshipped Gozag.
Gozag was aware of your devotion.
You visited 2 branches of the dungeon, and saw 8 of its levels.

You collected 344 gold pieces.
You paid 46 gold pieces to Gozag.

Inventory:

Hand Weapons
 d - a +1 dagger of freezing
 q - a +1 sling of draining (weapon)
Armour
 f - a +1 leather armour (worn)
Wands
 a - a wand of digging (8)
 c - a wand of polymorph (7)
 m - a wand of quicksilver (12)
 t - a wand of flame (13)
Scrolls
 b - a scroll of poison
 g - 6 scrolls of identify
 s - a scroll of immolation
 u - a scroll of blinking
Potions
 h - a potion of haste
 i - a potion of invisibility
 j - 2 potions of lignification
 l - a potion of might {unknown}
 n - a potion of attraction
 o - 4 potions of mutation
 p - a potion of degeneration {unknown}
 r - a potion of berserk rage


   Skills:
 + Level 4.4 Fighting
 + Level 3.5 Short Blades
 + Level 3.5 Long Blades
 + Level 3.5 Axes
 + Level 3.5 Maces & Flails
 + Level 3.5 Polearms
 + Level 3.5 Staves
 + Level 5.8 Ranged Weapons
 + Level 3.5 Throwing
 + Level 3.5 Armour
 + Level 5.8 Dodging
 + Level 3.5 Stealth
 + Level 3.5 Shields
 + Level 3.5 Unarmed Combat
 + Level 4.5 Spellcasting
 + Level 2.8 Conjurations
 + Level 6.2 Hexes
 + Level 2.8 Summonings
 + Level 2.8 Necromancy
 + Level 2.8 Translocations
 + Level 3.6 Fire Magic
 + Level 2.8 Ice Magic
 + Level 2.8 Air Magic
 + Level 2.8 Earth Magic
 + Level 2.8 Alchemy
 + Level 3.8 Invocations
 + Level 3.5 Evocations
 + Level 3.1 Shapeshifting


You had 13 spell levels left.
You knew the following spells:

 Your Spells              Type           Power      Damage    Failure   Level
a - Passwall              Erth           8%         N/A       30%         3

Your spell library contained the following spells:

 Spells                   Type           Power      Damage    Failure   Level
 Jinxbite                 Hex            32%        N/A       4%          2
 Sigil of Binding         Hex            16%        N/A       8%          3
 Foxfire                  Conj/Fire      36%        2x1d5     9%          1
 Necrotise                Necr           32%        1d5       11%         1
 Sandblast                Erth           16%        2d6       11%         1
 Inner Flame              Hex/Fire       13%        N/A       14%         3
 Cause Fear               Hex            8%         N/A       26%         4
 Fugue of the Fallen      Necr           8%         N/A       30%         3
 Ozocubu's Armour         Ice            8%         N/A       30%         3
 Stone Arrow              Conj/Erth      16%        3d8       30%         3
 Vampiric Draining        Necr           8%         2d6       30%         3
 Dimensional Bullseye     Hex/Tloc       6%         N/A       45%         4
 Brom's Barrelling Bould  Conj/Erth      8%         2d3       71%         4
 Manifold Assault         Tloc           8%         N/A       71%         4
 Martyr's Knell           Necr/Summ      8%         N/A       71%         4
 Curse of Agony           Necr           8%         N/A       96%         5
 Plasma Beam              Fire/Air       4%         2x1d14    100%        6
 Sculpt Simulacrum        Ice/Alch       4%         N/A       100%        6
 Starburst                Conj/Fire      4%         6d4       100%        6
 Ozocubu's Refrigeration  Ice            4%         4d8       100%        7
 Polar Vortex             Ice            4%         N/A       100%        9


Dungeon Overview and Level Annotations

Branches:
Dungeon (7/15)             Temple (1/1) D:5

Altars:
Ashenzari
Dithmenos
Elyvilon
Fedhas
Gozag
Hepliaklqana
Makhleb
Okawaru
Qazlal
Sif Muna
Trog
Uskayaw
Wu Jian
Xom

Shops:
D:6 (

Annotations:
D:6 Jeremiah
D:7 Dowan


Innate Abilities, Weirdness & Mutations

You have very sharp teeth.
Your uncanny sense of smell can sniff out nearby items.
Your experience applies equally to all skills.
You have large cloven feet.
You are agile. (Dex +4, Str/Int -1)


Message History

You feel very sick. Dowan attacks as he pursues you! Dowan barely misses you.
Dowan breathes, "And she was my only..."
Dowan mumbles some strange words.
Dowan blinks!
You shoot a sling bullet. The sling bullet closely misses Dowan.
* * * LOW HITPOINT WARNING * * *
You feel very sick. Dowan closely misses you.
Unknown command.
* * * LOW HITPOINT WARNING * * *
You feel very sick.
It was a potion of lignification.
You turn into a tree.
Your +1 leather armour melds into your body.
Your roots penetrate the ground.
* * * LOW HITPOINT WARNING * * *
You feel sick.
You shoot a sling bullet. The sling bullet barely misses Dowan.
* * * LOW HITPOINT WARNING * * *
You feel sick. Dowan hits you but does no damage.
Unknown command.
It was a potion of attraction.
You feel attractive to monsters.
* * * LOW HITPOINT WARNING * * *
You feel sick.
Dowan hits you with a +0 dagger of venom.
* * * LOW HITPOINT WARNING * * *
Unknown command.
Unknown command.
It was a potion of cancellation.
Your magical effects are unravelling.
You feel magically purged.
You feel less wooden.
Your +1 leather armour unmelds from your body.
You feel yourself slow down.
* * * LOW HITPOINT WARNING * * *
You feel sick.
Dowan hits you with a +0 dagger of venom.
You die...
Your body crumbles into a pile of gold.

#.###.#.# #.....#.# ######
####..#.# ... #####....##
#..#.# .! #.....#...# #..#.# ..
#.....<...#########..#.# . .
####.................#.## ...
#. #....##..#########.#..#
....#.#+#.....@e...........#...
............####..#######..##.#
...!...$.......#..# #####..##.#
###...........................#
#.........................#.#
.....(.....>..................#
+####.##.#................#....
#. ..##...............#####
#######..............#


You could see Dowan (fast).

Vanquished Creatures
  A wyvern (D:5)
  A water moccasin (D:7)
  Duvessa (D:7)
  An ice beast (D:5)
  2 ogres
  A bullfrog (D:6)
  3 scorpions
  A hound (D:4)
  An orc priest (D:5)
  3 iguanas
  2 orc wizards
  6 adders
  3 gnolls (D:6)
  2 shadow imps (D:5)
  A white imp (D:5)
  4 dart slugs
  3 ribbon worms
  7 orcs
  8 endoplasms
  3 giant cockroaches
  10 goblins
  12 hobgoblins
  2 jackals (D:1)
  3 kobolds
  11 quokkas
  5 ball pythons
  9 bats
  A frilled lizard (D:1)
  11 rats
118 creatures vanquished.

Notes
Turn   | Place    | Note
-------+----------+-------------------------------------------
     0 | D:1      | Doomgape the Gnoll Hexslinger began the quest for the Orb.
     0 | D:1      | Reached XP level 1. HP: 17/17 MP: 4/4
   192 | D:1      | Reached XP level 2. HP: 23/23 MP: 5/5
   486 | D:1      | Reached XP level 3. HP: 22/28 MP: 7/7
   562 | D:1      | Found a faded altar of an unknown god.
   701 | D:1      | Reached skill level 1 in Invocations
   851 | D:2      | Reached skill level 1 in Short Blades
   851 | D:2      | Reached skill level 1 in Long Blades
   851 | D:2      | Reached skill level 1 in Axes
   851 | D:2      | Reached skill level 1 in Maces & Flails
   851 | D:2      | Reached skill level 1 in Polearms
   851 | D:2      | Reached skill level 1 in Staves
   851 | D:2      | Reached skill level 1 in Throwing
   851 | D:2      | Reached skill level 1 in Armour
   851 | D:2      | Reached skill level 1 in Stealth
   851 | D:2      | Reached skill level 1 in Shields
   851 | D:2      | Reached skill level 1 in Unarmed Combat
   851 | D:2      | Reached skill level 1 in Evocations
   905 | D:2      | Reached skill level 1 in Shapeshifting
   905 | D:2      | Reached XP level 4. HP: 34/34 MP: 8/8
  1273 | D:3      | Reached skill level 1 in Conjurations
  1273 | D:3      | Reached skill level 1 in Summonings
  1273 | D:3      | Reached skill level 1 in Necromancy
  1273 | D:3      | Reached skill level 1 in Translocations
  1273 | D:3      | Reached skill level 1 in Ice Magic
  1273 | D:3      | Reached skill level 1 in Air Magic
  1273 | D:3      | Reached skill level 1 in Earth Magic
  1273 | D:3      | Reached skill level 1 in Alchemy
  1735 | D:4      | Reached XP level 5. HP: 40/40 MP: 9/9
  2120 | D:5      | Entered Level 5 of the Dungeon
  2132 | D:5      | Gained mutation: You are agile. (Dex +4, Str/Int -1)
                  | [potion of mutation]
  2132 | D:5      | Gained mutation: You have large cloven feet. [potion of
                  | mutation]
  2304 | D:5      | Reached XP level 6. HP: 47/47 MP: 11/11
  2338 | D:5      | Noticed an ice beast
  2359 | D:5      | Killed an ice beast
  2360 | D:5      | Reached skill level 5 in Ranged Weapons
  2360 | D:5      | Reached skill level 5 in Dodging
  2510 | D:5      | Noticed a wyvern
  2520 | D:5      | Killed a wyvern
  2521 | D:5      | Reached XP level 7. HP: 42/52 MP: 12/12
  3014 | D:5      | Found a staircase to the Ecumenical Temple.
  3023 | Temple   | Entered the Ecumenical Temple
  3061 | Temple   | Became a worshipper of Gozag Ym Sagoz the Greedy
  3195 | D:5      | Learned a level 3 spell: Passwall
  3332 | D:6      | Found a hazy altar of Hepliaklqana.
  3332 | D:6      | Found an iron altar of Okawaru.
  3335 | D:6      | Found a shimmering altar of Xom.
  3365 | D:6      | Reached skill level 6 in Hexes
  3397 | D:6      | Noticed Jeremiah
  3657 | D:6      | Found Boedd's Weapon Emporium.
  3812 | D:6      | Reached XP level 8. HP: 59/60 MP: 14/14
  3848 | D:6      | Found a stormy altar of Qazlal.
  4236 | D:7      | Noticed Duvessa
  4246 | D:7      | Killed Duvessa
  4247 | D:7      | Noticed Dowan
  4299 | D:7      | HP: 2/61 [poisoned by Dowan]
  4299 | D:7      | Slain by Dowan

Illustrated notes

Levels and vault maps discovered:
D:1:      lightli_arrival_quake, layout_rooms,
          shapermc_ecumenical_altar_mp_ritualfount,
          nicolae_concentric_dashed_squares_wild, minmay_3d_cube
D:2:      layout_rooms
D:3:      layout_rooms
D:4:      layout_rooms
D:5:      layout_basic, lemuel_temple_firewalk_b, cheibrodos_sewer_entry_bend
D:6:      layout_basic, nicolae_overflow_quartered_altars, serial_shops, shop,
          uniq_jeremiah
D:7:      layout_basic, nicolae_ru_great_annihilating_truth, minitemple,
          minmay_misc_feat_chi, uniq_duvessa
Temple:   nicolae_temple_bog_church

Skill      XL: |  1  2  3  4  5  6  7  8 |
---------------+-------------------------+-----
Fire Magic     | 2 3 |  3.6
Invocations    | 1 2 3 |  3.8
Short Blades   | 1 2 3 |  3.5
Long Blades    | 1 2 3 |  3.5
Axes           | 1 2 3 |  3.5
Maces & Flails | 1 2 3 |  3.5
Polearms       | 1 2 3 |  3.5
Staves         | 1 2 3 |  3.5
Throwing       | 1 2 3 |  3.5
Armour         | 1 2 3 |  3.5
Stealth        | 1 2 3 |  3.5
Shields        | 1 2 3 |  3.5
Unarmed Combat | 1 2 3 |  3.5
Evocations     | 1 2 3 |  3.5
Shapeshifting  | 1 2 3 |  3.1
Spellcasting   | 3 4 |  4.5
Conjurations   | 1 2 |  2.8
Summonings     | 1 2 |  2.8
Necromancy     | 1 2 |  2.8
Translocations | 1 2 |  2.8
Ice Magic      | 1 2 |  2.8
Air Magic      | 1 2 |  2.8
Earth Magic    | 1 2 |  2.8
Alchemy        | 1 2 |  2.8
Fighting       | 3 4 |  4.4
Ranged Weapons | 5 |  5.8
Dodging        | 5 |  5.8
Hexes          | 6 |  6.2

Action                     |  1- 3 |  4- 6 |  7- 9 || total
---------------------------+-------+-------+-------++-------
  Melee: Sling             |       |       |     1 ||     1
   Fire: Sling             |   115 |   170 |   126 ||   411
  Evoke: Wand              |       |     1 |       ||     1
    Use: Scroll            |     1 |     4 |     2 ||     7
         Potion            |       |     1 |     9 ||    10
   Stab: Invisible         |       |       |     1 ||     1
 Armour: Robe              |    29 |     8 |       ||    37
         Leather armour    |       |    35 |    57 ||    92
         Skin              |       |       |     2 ||     2
  Dodge: Dodged            |    50 |    59 |    44 ||   153
